 Dungeon Crawl Stone Soup version 0.32-a0-361-g289a535e89 (webtiles) character file.

Game seed: 7697811849231108316

609 CougarLife the Digger (level 7, -3/36 HPs)
             Began as a Gargoyle Earth Elementalist on Feb 18, 2024.
             Incinerated by a bombardier beetle (5 damage)
             ... with a burning spray
             ... on level 4 of the Dungeon.
             The game lasted 00:02:43 (3494 turns).

CougarLife the Digger (Gargoyle Earth Elementalist) Turns: 3494, Time: 00:02:43

Health: -3/36      AC: 10    Str: 11    XL:     7   Next: 43%
Magic:  16/22      EV: 26    Int: 18    God:
Gold:   177        SH:  0    Dex: 10    Spells: 11/15 levels left

rFire   . . .        f - +0 dagger
rCold   . . .        (no shield)
rNeg    + . .        a - +0 robe
rPois   ∞            n - +2 helmet
rElec   +            (no cloak)
rCorr   .            (no gloves)
SInv    .            m - +0 pair of boots
Will    .....        h - amulet of the acrobat
Stlth   +            j - ring of magical power
HPRegen 0.26/turn    (no ring)
MPRegen 0.18/turn

%: acrobat
@: on fire, acrobatic, glowing
A: sickness immunity, AC +4, negative energy resistance 1, electricity
resistance, torment resistance 1, petrification resistance
a: no special abilities


You were on level 4 of the Dungeon.
You visited 1 branch of the dungeon, and saw 4 of its levels.

You collected 177 gold pieces.

Inventory:

Hand Weapons
 f - a +0 dagger (weapon)
Armour
 a - a +0 robe (worn)
 m - a +0 pair of boots (worn)
 n - a +2 helmet (worn)
 o - +0 steam dragon scales
Jewellery
 h - an amulet of the acrobat (around neck)
 j - a ring of magical power (left hand)
Scrolls
 c - a scroll of teleportation {unknown}
 g - 4 scrolls of identify {unknown}
 k - a scroll of blinking {unknown}
 l - a scroll of brand weapon {unknown}
Potions
 b - a potion of magic
 d - 2 potions of degeneration {unknown}
 e - a potion of might {unknown}
 i - 2 potions of heal wounds {unknown}


   Skills:
 - Level 1.5 Dodging
 - Level 2.1 Stealth
 + Level 4.5 Spellcasting
 + Level 4.9 Conjurations
 + Level 6.4 Earth Magic


You had 11 spell levels left.
You knew the following spells:

 Your Spells              Type           Power      Damage    Failure   Level
a - Sandblast             Erth           54%        2d13      1%          1
b - Stone Arrow           Conj/Erth      48%        3d10      4%          3

Your spell library contained the following spells:

 Spells                   Type           Power      Damage    Failure   Level
 Passwall                 Erth           27%        N/A       3%          3
 Brom's Barrelling Bould  Conj/Erth      24%        2d5       14%         4
 Ensorcelled Hibernation  Hex/Ice        8%         N/A       22%         2
 Petrify                  Alch/Erth      15%        N/A       36%         4
 Fugue of the Fallen      Necr           4%         N/A       38%         3
 Ozocubu's Armour         Ice            4%         N/A       38%         3
 Manifold Assault         Tloc           4%         N/A       80%         4
 Sculpt Simulacrum        Ice/Alch       2%         N/A       100%        6
 Ozocubu's Refrigeration  Ice            2%         4d7       100%        7


Dungeon Overview and Level Annotations

Branches:
Dungeon (4/15)
 Temple: D:4-7

Altars:

Annotations:
D:4 Robin


Innate Abilities, Weirdness & Mutations

You are immune to sickness and miasma.
Your stone body is resilient. (AC +4)
You are immune to poison.
You resist negative energy. (rN+)
You are resistant to electric shocks. (rElec)
You are resistant to unholy torment.
You are immune to petrification.


Message History

You kill the goblin!
Robin throws the goblin at you! The goblin hits you but does no damage.
The goblin closely misses you.
Robin's horned helmet rattles.
The goblin closely misses you.
The blast of sand hits the endoplasm!!
You kill the endoplasm!
The goblin hits you but does no damage.
Robin roars a battlecry!
The goblins go into a battle-frenzy!
The goblin closely misses you.
The blast of sand hits the goblin!
You kill the goblin!
The goblin closely misses you.
The goblin hits you but does no damage. x2
The bombardier beetle sprays incendiary fluid at you.
The burning spray hits you.
You are covered in liquid fire!
The blast of sand hits the goblin!
You kill the goblin!
The liquid fire burns you! The goblin hits you but does no damage.
The blast of sand hits the iguana.
The iguana is moderately wounded.
The liquid fire burns you! The goblin hits you but does no damage.
The iguana barely misses you. The iguana bites you!
Robin hits you but does no damage. The goblin hits you but does no damage.
You are too injured to fight recklessly!
You are too injured to fight recklessly!
You are too injured to fight recklessly!
You are too injured to fight recklessly!
You shake off some of the fire as you move.
The liquid fire burns you!
* * * LOW HITPOINT WARNING * * *
The goblin hits you with a +0 club.
* * * LOW HITPOINT WARNING * * *
The iguana attacks as it pursues you! The iguana closely misses you.
You shake off some of the fire as you move.
The liquid fire burns you!
You die...

...............
#..............
#............#
.##...........#
#
...#.........#
.#
#...B..))...#
#.# #...gl###
#..#
###..g..####..#
####.@.....#
#..##....##
#........#
#.........##
#..........##
#............#
#....!....))†##
.............$#
..........$.<.#


You could see a bombardier beetle, an iguana, Robin and a goblin (strong).

Vanquished Creatures
  Sigmund (D:3)
  A steam dragon (D:4)
  A scorpion (D:4)
  An orc priest (D:3)
  Natasha (twice) (D:3)
  An orc wizard (D:3)
  3 adders
  A ribbon worm (D:2)
  3 dart slugs
  6 orcs (D:3)
  6 bats
  8 endoplasms
  4 giant cockroaches
  13 goblins
  8 hobgoblins
  5 ball pythons
  A frilled lizard (D:2)
  8 kobolds
  7 rats
80 creatures vanquished.

Notes
Turn   | Place    | Note
-------+----------+-------------------------------------------
     0 | D:1      | CougarLife the Gargoyle Earth Elementalist began the quest
                  | for the Orb.
     0 | D:1      | Reached XP level 1. HP: 10/10 MP: 3/3
    67 | D:1      | Reached XP level 2. HP: 15/15 MP: 3/5
   280 | D:1      | Reached skill level 4 in Earth Magic
   349 | D:1      | Reached XP level 3. HP: 19/19 MP: 1/6
   869 | D:1      | Found a faded altar of an unknown god.
  1175 | D:2      | Reached XP level 4. HP: 24/24 MP: 4/8
  1744 | D:2      | Identified the +1 leather armour "Laquustra" {Str+4 Int-4
                  | Dex+4}
  1983 | D:2      | Learned a level 3 spell: Stone Arrow
  2046 | D:3      | Noticed Sigmund
  2053 | D:3      | Killed Sigmund
  2054 | D:3      | Reached skill level 5 in Earth Magic
  2054 | D:3      | Reached XP level 5. HP: 28/28 MP: 5/10
  2054 | D:3      | Reached XP level 6. HP: 32/32 MP: 5/11
  2383 | D:3      | Got the Guidebook on the Glacier
  2447 | D:3      | Noticed Natasha
  2451 | D:3      | Killed Natasha
  2870 | D:3      | Noticed Natasha
  2873 | D:3      | Killed Natasha
  3367 | D:4      | Noticed a steam dragon
  3370 | D:4      | Killed a steam dragon
  3371 | D:4      | Reached skill level 6 in Earth Magic
  3371 | D:4      | Reached XP level 7. HP: 36/36 MP: 13/13
  3487 | D:4      | Noticed Robin
  3494 | D:4      | Incinerated by a bombardier beetle

Illustrated notes

Levels and vault maps discovered:
D:1:      lightli_arrival_statuegarden, layout_basic,
          ebering_ecumenical_altar_rust
D:2:      layout_loops_corners
D:3:      layout_loops_corners, grunt_ministairs_11, roderic_roman_lattice,
          amcnicky_mini_pool_small, uniq_natasha, uniq_sigmund
D:4:      gammafunk_wand_slinger, layout_cave_pods,
          nicolae_ru_sacrificial_ziggurat, uniq_robin, uniq_pargi

Skill      XL: |  1  2  3  4  5  6 |
---------------+-------------------+-----
Earth Magic    | 4 5 6 |  6.4
Conjurations   | 2 3 4 |  4.9
Spellcasting   | 3 4 |  4.5
Dodging        | |  1.5
Stealth        | |  2.1

Action                     |  1- 3 |  4- 6 |  7- 9 || total
---------------------------+-------+-------+-------++-------
  Melee: Unarmed           |    10 |       |       ||    10
         Dagger            |       |     1 |       ||     1
   Cast: Sandblast         |    38 |    47 |    22 ||   107
         Stone Arrow       |       |     2 |       ||     2
 Armour: Robe              |    15 |     7 |    23 ||    45
  Dodge: Dodged            |    20 |    16 |    10 ||    46

Table legend: (Time is in decaauts)
 A = Elapsed time spent in this place.
 B = Non-inter-level travel time spent in this place.
 C = Inter-level travel time spent in this place.
 D = Time resting spent in this place.
 E = Time spent auto-exploring this place.
 F = Levels seen in this place.
 G = Mean time per level.
                   A        B        C        D        E       F      G
               +--------+--------+--------+--------+--------+-----+--------+
         Total |   3555 |   3307 |    248 |    191 |   2712 |   4 |  888.8 |
       Dungeon |   3555 |   3307 |    248 |    191 |   2712 |   4 |  888.8 |
               +--------+--------+--------+--------+--------+-----+--------+

Top non-repeatable levels by time:
     D:3: 1367 daAuts
     D:2: 1150 daAuts
     D:1: 977 daAuts
     D:4: 59 daAuts
